 Dungeon Crawl Stone Soup version 0.31-a0-175-g9f7f995f2b (webtiles) character file.

Game seed: 12989345727086949811

2935 qw the Skirmisher (level 9, -5/86 HPs)
             Began as a Naga Hunter on June 16, 2023.
             Was an Initiate of Okawaru.
             Engulfed by a steam dragon's steam (8 damage)
             ... on level 9 of the Dungeon.
             The game lasted 00:02:43 (7071 turns).

qw the Skirmisher (Naga Hunter)                     Turns: 7071, Time: 00:02:44

Health: -5/86      AC:  8    Str: 13    XL:     9   Next: 80%
Magic:  9/9        EV: 12    Int: 10    God:    Okawaru [......]
Gold:   395        SH:  0    Dex: 22    Spells: 8/8 levels left

rFire   . . .        Y - +4 shortbow
rCold   + . .        (shield currently unavailable)
rNeg    . . .        c - +0 leather armour
rPois   +            i - +0 helmet of Classification {rCorr Dex+3}
rElec   .            e - +0 cloak
rCorr   +            h - +1 pair of gloves
SInv    +            (no barding)
Will    +....        (no amulet)
Stlth   ++           g - ring of protection from cold
HPRegen 0.34/turn    (no ring)
MPRegen 0.11/turn

%: no passive effects
@: about to teleport, short of breath, very slow
A: AC +3, large, see invisible, deformed body, poison resistance, slowness 2,
spit poison 1, naga tail 1
a: Spit Poison, Renounce Religion


You were on level 9 of the Dungeon.
You worshipped Okawaru.
Okawaru was noncommittal.
You visited 2 branches of the dungeon, and saw 10 of its levels.

You collected 395 gold pieces.


Innate Abilities, Weirdness & Mutations

Your serpentine skin is tough. (AC +3)
You have supernaturally acute eyesight. (SInv)
Armour fits poorly on your strangely shaped body.
Your system is resistant to poisons. (rPois)
You cover ground very slowly.
You can spit poison.
You have a snake-like lower body.


   Skills:
 - Level 7.0 Fighting
 + Level 10.1 Ranged Weapons
 - Level 1.3 Armour
 - Level 4.2 Dodging
 - Level 1.5 Stealth


You had 8 spell levels left.
You didn't know any spells.
Your spell library was empty.

Inventory:

Hand Weapons
 Y - a +4 shortbow (weapon)
Armour
 c - a +0 leather armour (worn)
 e - a +0 cloak (worn)
 h - a +1 pair of gloves (worn)
 i - the +0 helmet of Classification (worn) {rCorr Dex+3}
   (You found it on level 3 of the Dungeon)

   Dex:       It affects your dexterity (+3).
   rCorr:     It protects you from acid and corrosion.
Jewellery
 g - a ring of protection from cold (left hand)
Scrolls
 m - a scroll of identify
Potions
 a - a potion of attraction {unknown}
 d - a potion of might
 f - a potion of curing
 j - a potion of ambrosia {unknown}
 k - a potion of mutation {unknown}
 l - a potion of brilliance {unknown}
 n - a potion of resistance
 o - a potion of enlightenment {unknown}

Dungeon Overview and Level Annotations

Branches:
Dungeon (9/15)             Temple (1/1) D:7
   Lair: D:8-11         Orc: D:9-12

Altars:
Ashenzari
Dithmenos
Elyvilon
Fedhas
Gozag
Hepliaklqana
Kikubaaqudgha
Makhleb
Nemelex Xobeh
Okawaru
Qazlal
Ru
Trog
Uskayaw
Vehumet
Xom
Yredelemnul
Zin
The Shining One

Shops:
D:5 =

Annotations:
D:4 1 runed translucent door, Crazy Yiuf


Message History

The steam dragon claws you but does no damage.
The orc wizard closely misses you.
7068 ||| INVOKING Spit Poison.
Aiming: Spit Poison (1% risk of failure)
Press: ? - help, Shift-Dir - straight line, f/p - steam dragon The splash of poison misses the steam dragon.
The splash of poison hits the orc priest!
The orc priest is poisoned.
The orc priest is severely wounded.
You are engulfed in a cloud of scalding steam.
The steam dragon bites you!
The steam dragon claws you but does no damage.
The orc wizard is engulfed in a cloud of scalding steam.
The orc wizard hits you but does no damage.
You shoot an arrow.
The arrow closely misses the steam dragon.
The arrow hits the orc priest.
The orc priest is almost dead.
You are engulfed in a cloud of scalding steam.
You kill the orc priest!
Okawaru accepts your kill. The steam dragon bites you!
The steam dragon claws you but does no damage.
The orc wizard barely misses you.
Your Fighting skill increases to level 7!
7070 ||| READING scroll of teleportation.
As you read the scroll of teleportation, it crumbles to dust.
You feel strangely unstable.
You have got your breath back.
The steam dragon breathes steam at you. The ball of steam hits you!!
The orc wizard misses you.
An orc comes into view. It is wielding a +0 trident.
You hear a shout! x4; You hear a bellow!
7071 ||| INVOKING Spit Poison.
Aiming: Spit Poison (1% risk of failure)
Press: ? - help, Shift-Dir - straight line, f/p - steam dragon The splash of poison hits the steam dragon but does no damage.
The steam dragon is almost dead.
You are engulfed in a cloud of scalding steam.
You die...

###########
######.ยค........
........<.....#
#.....@....#.#
#....!Do##.#
#.####o..# # .
.o..?# .......#
..)....#
...h..P..
....o....#


You could see a warg, a steam dragon (poisoned), an orc priest, 2 orc wizards
and an orc.

Vanquished Creatures
  Grinder (D:4)
  2 humans (D:8)
  2 wargs
  A black bear (D:4)
  An orc warrior (D:8)
  3 ice beasts
  A sky beast (D:8)
  2 ogres (D:5)
  A phantom (D:6)
  A centaur (D:7)
  A kobold brigand (D:5)
  3 bullfrogs
  A scorpion (D:4)
  A jelly (D:5)
  8 orc priests
  3 iguanas
  12 orc wizards
  11 adders
  14 gnolls
  A shadow imp (D:6)
  A white imp (D:6)
  3 worms
  5 dart slugs
  27 orcs
  3 bats
  5 endoplasms
  2 giant cockroaches (D:2)
  10 goblins
  8 hobgoblins
  9 jackals
  7 kobolds
  4 quokkas
  8 ball pythons
  8 rats
170 creatures vanquished.

Notes
Turn   | Place    | Note
-------+----------+-------------------------------------------
     0 | D:1      | qw the Naga Hunter began the quest for the Orb.
     0 | D:1      | Reached XP level 1. HP: 19/19 MP: 1/1
     0 | D:1      | 0 ||| qw: Version: 0.2-a-29-g511e9b1
     0 | D:1      | 0 ||| qw: Game counter: 5912
     0 | D:1      | 0 ||| qw: Always use a shield: true
     0 | D:1      | 0 ||| qw: God list: Okawaru
     0 | D:1      | 0 ||| qw: Allow faded altars: false
     0 | D:1      | 0 ||| qw: Do Orc after D:15 true
     0 | D:1      | 0 ||| qw: Do second Lair branch before Depths: true
     0 | D:1      | 0 ||| qw: Lair rune preference: random
     0 | D:1      | 0 ||| qw: Plans: Normal
     0 | D:1      | 0 ||| PLANNING D:1-11
    33 | D:1      | 33 ||| INVOKING Spit Poison.
   114 | D:1      | 114 ||| INVOKING Spit Poison.
   119 | D:1      | Found a faded altar of an unknown god.
   125 | D:1      | 125 ||| INVOKING Spit Poison.
   126 | D:1      | 126 ||| INVOKING Spit Poison.
   131 | D:1      | 131 ||| INVOKING Spit Poison.
   179 | D:1      | 179 ||| INVOKING Spit Poison.
   221 | D:1      | 221 ||| INVOKING Spit Poison.
   225 | D:1      | Reached skill level 4 in Ranged Weapons
   225 | D:1      | Reached XP level 2. HP: 26/26 MP: 2/2
   225 | D:1      | 225 ||| INVOKING Spit Poison.
   228 | D:1      | 228 ||| INVOKING Spit Poison.
   282 | D:1      | 282 ||| INVOKING Spit Poison.
   389 | D:1      | 389 ||| INVOKING Spit Poison.
   448 | D:1      | 448 ||| INVOKING Spit Poison.
   449 | D:1      | 449 ||| INVOKING Spit Poison.
   566 | D:1      | 566 ||| INVOKING Spit Poison.
   585 | D:1      | 585 ||| INVOKING Spit Poison.
   590 | D:1      | 590 ||| INVOKING Spit Poison.
   655 | D:1      | 655 ||| INVOKING Spit Poison.
   731 | D:1      | 731 ||| READING scroll labelled UMPA ITRIKICLU.
   732 | D:1      | 732 ||| READING scroll labelled ZASKYO NODGHECW.
   733 | D:1      | 733 ||| DROPPING scroll of butterflies.
   782 | D:2      | 782 ||| INVOKING Spit Poison.
   784 | D:2      | Reached XP level 3. HP: 32/32 MP: 3/3
   813 | D:2      | 813 ||| INVOKING Spit Poison.
   832 | D:2      | 832 ||| INVOKING Spit Poison.
   836 | D:2      | 836 ||| INVOKING Spit Poison.
   841 | D:2      | 841 ||| INVOKING Spit Poison.
   874 | D:2      | 874 ||| INVOKING Spit Poison.
   887 | D:2      | 887 ||| INVOKING Spit Poison.
   888 | D:2      | 888 ||| INVOKING Spit Poison.
   893 | D:2      | Reached skill level 5 in Ranged Weapons
   893 | D:2      | Reached XP level 4. HP: 39/39 MP: 4/4
   915 | D:2      | Found a glowing silver altar of Zin.
   948 | D:2      | 948 ||| INVOKING Spit Poison.
   960 | D:2      | 960 ||| INVOKING Spit Poison.
  1035 | D:2      | 1035 ||| INVOKING Spit Poison.
  1043 | D:2      | 1043 ||| INVOKING Spit Poison.
  1046 | D:2      | 1046 ||| INVOKING Spit Poison.
  1051 | D:2      | 1051 ||| INVOKING Spit Poison.
  1056 | D:2      | 1056 ||| INVOKING Spit Poison.
  1062 | D:2      | 1062 ||| INVOKING Spit Poison.
  1063 | D:2      | Reached skill level 3 in Fighting
  1065 | D:2      | 1065 ||| INVOKING Spit Poison.
  1245 | D:2      | 1245 ||| UPGRADING to +0 pair of gloves.
  1250 | D:2      | 1250 ||| READING scroll labelled JEXTEO XIEQON.
  1261 | D:2      | 1261 ||| INVOKING Spit Poison.
  1265 | D:2      | Reached XP level 5. HP: 49/49 MP: 5/5
  1300 | D:3      | 1300 ||| INVOKING Spit Poison.
  1308 | D:3      | Found a sacrificial altar of Ru.
  1335 | D:3      | 1335 ||| INVOKING Spit Poison.
  1343 | D:3      | 1343 ||| INVOKING Spit Poison.
  1359 | D:3      | Found a basalt altar of Yredelemnul.
  1382 | D:3      | 1382 ||| INVOKING Spit Poison.
  1385 | D:3      | 1385 ||| Stepping ~*~*~tactically~*~*~ (outnumbered).
  1387 | D:3      | 1387 ||| INVOKING Spit Poison.
  1393 | D:3      | 1393 ||| INVOKING Spit Poison.
  1400 | D:3      | 1400 ||| INVOKING Spit Poison.
  1550 | D:3      | 1550 ||| INVOKING Spit Poison.
  1644 | D:3      | 1644 ||| INVOKING Spit Poison.
  1658 | D:3      | 1658 ||| INVOKING Spit Poison.
  1672 | D:3      | 1672 ||| INVOKING Spit Poison.
  1683 | D:3      | 1683 ||| INVOKING Spit Poison.
  1691 | D:3      | 1691 ||| INVOKING Spit Poison.
  1696 | D:3      | Found an ancient bone altar of Kikubaaqudgha.
  1873 | D:3      | 1873 ||| INVOKING Spit Poison.
  1889 | D:3      | 1889 ||| INVOKING Spit Poison.
  1961 | D:3      | 1961 ||| INVOKING Spit Poison.
  1962 | D:3      | Reached skill level 6 in Ranged Weapons
  2028 | D:3      | Identified the +0 helmet of Classification {rCorr Dex+3}
  2133 | D:3      | 2133 ||| INVOKING Spit Poison.
  2136 | D:3      | Reached XP level 6. HP: 56/56 MP: 6/6
  2144 | D:3      | Found a glowing golden altar of the Shining One.
  2325 | D:3      | 2325 ||| UPGRADING to +0 cloak.
  2330 | D:3      | 2330 ||| UPGRADING to +1 pair of gloves.
  2340 | D:3      | 2340 ||| DROPPING +0 pair of gloves.
  2341 | D:3      | 2341 ||| UPGRADING to +0 helmet of Classification {rCorr
                  | Dex+3}.
  2346 | D:3      | 2346 ||| UPGRADING to ring of protection from cold.
  2347 | D:3      | 2347 ||| READING 3 scrolls labelled BAQEIM NOUWN.
  2351 | D:3      | 2351 ||| DRINKING 2 emerald potions.
  2352 | D:3      | 2352 ||| DRINKING 2 silvery potions.
  2378 | D:4      | 2378 ||| INVOKING Spit Poison.
  2403 | D:4      | 2403 ||| INVOKING Spit Poison.
  2411 | D:4      | 2411 ||| INVOKING Spit Poison.
  2414 | D:4      | 2414 ||| INVOKING Spit Poison.
  2419 | D:4      | 2419 ||| INVOKING Spit Poison.
  2449 | D:4      | Noticed an ice beast
  2452 | D:4      | 2452 ||| INVOKING Spit Poison.
  2452 | D:4      | Noticed a black bear
  2456 | D:4      | Reached skill level 1 in Armour
  2458 | D:4      | 2458 ||| INVOKING Spit Poison.
  2461 | D:4      | Killed a black bear
  2472 | D:4      | Killed an ice beast
  2473 | D:4      | Reached XP level 7. HP: 35/64 MP: 7/7
  2572 | D:4      | Found a stormy altar of Qazlal.
  2580 | D:4      | 2580 ||| READING scroll of enchant weapon.
  2580 | D:4      | 2580 ||| ENCHANTING +1 shortbow.
  2628 | D:4      | 2628 ||| INVOKING Spit Poison.
  2633 | D:4      | 2633 ||| INVOKING Spit Poison.
  2667 | D:4      | 2667 ||| INVOKING Spit Poison.
  2675 | D:4      | 2675 ||| INVOKING Spit Poison.
  2698 | D:4      | 2698 ||| INVOKING Spit Poison.
  2758 | D:4      | 2758 ||| INVOKING Spit Poison.
  2794 | D:4      | Noticed Grinder
  2803 | D:4      | 2803 ||| INVOKING Spit Poison.
  2804 | D:4      | Killed Grinder
  2805 | D:4      | Reached skill level 7 in Ranged Weapons
  2924 | D:4      | Found a runed translucent door.
  2925 | D:4      | Noticed Crazy Yiuf
  2996 | D:4      | 2996 ||| INVOKING Spit Poison.
  3271 | D:4      | 3271 ||| READING scroll labelled SIWUEN EBBOWA.
  3335 | D:5      | Entered Level 5 of the Dungeon
  3336 | D:5      | 3336 ||| INVOKING Spit Poison.
  3338 | D:5      | 3338 ||| STAIRDANCE
  3514 | D:5      | 3514 ||| INVOKING Spit Poison.
  3518 | D:5      | 3518 ||| STAIRDANCE
  3520 | D:4      | 3520 ||| INVOKING Spit Poison.
  3525 | D:4      | 3525 ||| INVOKING Spit Poison.
  3531 | D:4      | 3531 ||| INVOKING Spit Poison.
  3699 | D:5      | 3699 ||| INVOKING Spit Poison.
  3701 | D:5      | Reached XP level 8. HP: 72/72 MP: 8/8
  3845 | D:5      | 3845 ||| INVOKING Spit Poison.
  3849 | D:5      | Reached skill level 8 in Ranged Weapons
  3902 | D:5      | 3902 ||| INVOKING Spit Poison.
  3905 | D:5      | 3905 ||| INVOKING Spit Poison.
  3910 | D:5      | 3910 ||| INVOKING Spit Poison.
  3916 | D:5      | 3916 ||| INVOKING Spit Poison.
  4011 | D:5      | 4011 ||| INVOKING Spit Poison.
  4018 | D:5      | 4018 ||| INVOKING Spit Poison.
  4046 | D:5      | 4046 ||| INVOKING Spit Poison.
  4052 | D:5      | 4052 ||| INVOKING Spit Poison.
  4056 | D:5      | 4056 ||| INVOKING Spit Poison.
  4063 | D:5      | 4063 ||| INVOKING Spit Poison.
  4169 | D:5      | Found Qem Ceupp's Jewellery Boutique.
  4175 | D:5      | 4175 ||| SHOPLISTING amulet "Ikhlikh" {Reflect rF+ rC-
                  | rN+++ Int-3 SH+5} (517 gold, have 179).
  4175 | D:5      | 4175 ||| SHOPLISTING amulet of reflection (300 gold, have
                  | 179).
  4175 | D:5      | 4175 ||| SHOPLISTING amulet of regeneration (300 gold, have
                  | 179).
  4175 | D:5      | 4175 ||| SHOPLISTING amulet of the Cast Vote {Spirit rPois
                  | rCorr Int+4} (552 gold, have 179).
  4175 | D:5      | 4175 ||| SHOPLISTING amulet of the acrobat (300 gold, have
                  | 179).
  4175 | D:5      | 4175 ||| SHOPLISTING ring of protection from cold (250
                  | gold, have 179).
  4175 | D:5      | 4175 ||| SHOPLISTING ring of protection from fire (250
                  | gold, have 179).
  4201 | D:5      | 4201 ||| INVOKING Spit Poison.
  4326 | D:5      | 4326 ||| INVOKING Spit Poison.
  4414 | D:5      | 4414 ||| READING scroll labelled KINKYTHR TORIZ.
  4483 | D:6      | 4483 ||| INVOKING Spit Poison.
  4487 | D:6      | 4487 ||| FLEEEEING.
  4488 | D:6      | 4488 ||| STAIRDANCE
  4537 | D:6      | 4537 ||| INVOKING Spit Poison.
  4566 | D:6      | Found a white marble altar of Elyvilon.
  4592 | D:6      | 4592 ||| READING scroll of enchant weapon.
  4592 | D:6      | 4592 ||| ENCHANTING +2 shortbow.
  4596 | D:6      | Found a bloodstained altar of Trog.
  4615 | D:6      | 4615 ||| READING scroll of enchant weapon.
  4615 | D:6      | 4615 ||| ENCHANTING +3 shortbow.
  4750 | D:6      | 4750 ||| INVOKING Spit Poison.
  4820 | D:6      | Found a blossoming altar of Fedhas.
  4831 | D:6      | Reached skill level 9 in Ranged Weapons
  4861 | D:6      | 4861 ||| READING scroll labelled MAGIONE LUGAT.
  4862 | D:6      | 4862 ||| READING scroll labelled BULATINOAT.
  4863 | D:6      | 4863 ||| DRINKING 2 bubbling pink potions.
  4915 | D:7      | Found a staircase to the Ecumenical Temple.
  4916 | D:7      | 4916 ||| PLANNING TEMPLE
  4931 | Temple   | Entered the Ecumenical Temple
  4944 | Temple   | 4944 ||| PLANNING D:1-11
  4992 | D:7      | 4992 ||| Stepping ~*~*~tactically~*~*~ (outnumbered).
  4994 | D:7      | 4994 ||| INVOKING Spit Poison.
  5002 | D:7      | 5002 ||| INVOKING Spit Poison.
  5004 | D:7      | 5004 ||| DRINKING potion of curing.
  5004 | D:7      | 5004 ||| (to cure confusion)
  5005 | D:7      | 5005 ||| INVOKING Spit Poison.
  5008 | D:7      | Reached skill level 3 in Dodging
  5026 | D:7      | 5026 ||| INVOKING Spit Poison.
  5182 | D:7      | 5182 ||| INVOKING Spit Poison.
  5188 | D:7      | 5188 ||| INVOKING Spit Poison.
  5191 | D:7      | Reached XP level 9. HP: 81/81 MP: 9/9
  5191 | D:7      | 5191 ||| INVOKING Spit Poison.
  5216 | D:7      | 5216 ||| INVOKING Spit Poison.
  5220 | D:7      | 5220 ||| INVOKING Spit Poison.
  5226 | D:7      | Reached skill level 6 in Fighting
  5299 | D:7      | 5299 ||| INVOKING Spit Poison.
  5306 | D:7      | 5306 ||| INVOKING Spit Poison.
  5310 | D:7      | 5310 ||| INVOKING Spit Poison.
  5539 | D:7      | Found an opulent altar of Gozag.
  5543 | D:7      | Found a radiant altar of Vehumet.
  5636 | D:7      | 5636 ||| INVOKING Spit Poison.
  5676 | D:7      | 5676 ||| READING 2 scrolls labelled MOZIOTZ KO EVU.
  5677 | D:7      | 5677 ||| READING scroll labelled POUFO USOEFO.
  5678 | D:7      | 5678 ||| DROPPING scroll of noise.
  5702 | D:8      | 5702 ||| INVOKING Spit Poison.
  5706 | D:8      | 5706 ||| Stepping ~*~*~tactically~*~*~ (outnumbered).
  5707 | D:8      | 5707 ||| INVOKING Spit Poison.
  5714 | D:8      | 5714 ||| INVOKING Spit Poison.
  5827 | D:8      | 5827 ||| INVOKING Spit Poison.
  5831 | D:8      | 5831 ||| INVOKING Spit Poison.
  5837 | D:8      | 5837 ||| INVOKING Spit Poison.
  5895 | D:8      | 5895 ||| INVOKING Spit Poison.
  5920 | D:8      | 5920 ||| INVOKING Spit Poison.
  6016 | D:7      | 6016 ||| Stepping randomly (stuck).
  6342 | D:8      | 6342 ||| INVOKING Spit Poison.
  6351 | D:8      | 6351 ||| INVOKING Spit Poison.
  6358 | D:8      | 6358 ||| INVOKING Spit Poison.
  6362 | D:8      | Reached skill level 10 in Ranged Weapons
  6363 | D:8      | 6363 ||| INVOKING Spit Poison.
  6367 | D:8      | 6367 ||| INVOKING Spit Poison.
  6426 | D:8      | Found an iron altar of Okawaru.
  6427 | D:8      | 6427 ||| PLANNING OKAWARU WORSHIP
  6431 | D:8      | 6431 ||| INVOKING Spit Poison.
  6439 | D:8      | 6439 ||| INVOKING Spit Poison.
  6447 | D:8      | 6447 ||| INVOKING Spit Poison.
  6448 | D:8      | HP: 16/82 [human/+0 long sword (7)]
  6449 | D:8      | 6449 ||| READING 2 scrolls of teleportation.
  6704 | D:8      | Became a worshipper of Warmaster Okawaru
  6705 | D:8      | 6705 ||| PLANNING D:1-11
  6915 | D:9      | 6915 ||| INVOKING Spit Poison.
  6920 | D:9      | 6920 ||| STAIRDANCE
  6922 | D:8      | 6922 ||| INVOKING Spit Poison.
  6927 | D:8      | 6927 ||| INVOKING Spit Poison.
  7065 | D:9      | 7065 ||| INVOKING Spit Poison.
  7068 | D:9      | 7068 ||| INVOKING Spit Poison.
  7069 | D:9      | HP: 20/85 [steam dragon (8)]
  7070 | D:9      | 7070 ||| READING scroll of teleportation.
  7070 | D:9      | HP: 3/86 [steam dragon/ball of steam (18)]
  7071 | D:9      | 7071 ||| INVOKING Spit Poison.
  7071 | D:9      | Engulfed by a steam dragon's steam

Levels and vault maps discovered:
D:1:      dpeg_arrival_tiny_a, layout_loops_ring,
          ebering_ecumenical_altar_sacrificial
D:2:      layout_rooms, basic_altar, minmay_hexomino_f4
D:3:      layout_basic, nicolae_overflow_crystal_walls, lemuel_doored_altar,
          overflow_temple_1_default, hangedman_ru_absence,
          chequers_serial_rivers_micro_d
D:4:      layout_loops_cross, grunt_qazlal_clouds, uniq_grinder,
          uniq_crazy_yiuf_cottage
D:5:      layout_basic, serial_shops, nicolae_shop_statue_plus
D:6:      layout_gridville, mainiacjoe_overflow_cross_hatched,
          overflow_temple_1_default, mainiacjoe_overflow_brackets, hex_medium,
          chequers_decorated_corner
D:7:      layout_gridville, nicolae_overflow_hidden_temple, temple_pool_b
D:8:      layout_cave_pods, okawaru_humans, enter_bailey_5, serial_glass,
          glass_columns_a, glass_columns_a
D:9:      layout_loops_ring, mainiacjoe_overflow_concentric_impassable,
          erik_lair_orcish_takeover, minmay_crystal_water,
          nicolae_concentric_dashed_squares_wild, nrook_campfire
Temple:   hellmonk_temple_two_chambers

Skill      XL: |  1  2  3  4  5  6  7  8  9 |
---------------+----------------------------+-----
Ranged Weapons | 4 5 6 7 9 10 | 10.1
Fighting       | 3 4 5 7 |  7.0
Dodging        | 2 3 4 |  4.2
Armour         | 1 |  1.3
Stealth        | |  1.5

Action                     |  1- 3 |  4- 6 |  7- 9 || total
---------------------------+-------+-------+-------++-------
   Fire: Shortbow          |    45 |   101 |   286 ||   432
Ability: Spit Poison       |    22 |    34 |    65 ||   121
    Use: Scroll            |     2 |     2 |    11 ||    15
         Potion            |       |     2 |     2 ||     4
 Armour: Leather armour    |     4 |    18 |    62 ||    84
  Dodge: Dodged            |     8 |    27 |    89 ||   124

Table legend:
 A = Non-vault XP
 B = Vault XP
 C = Vault XP percentage of total XP
 D = Non-vault monster count
 E = Vault monster count
 F = Vault count percentage of total count
                 A         B        C        D         E       F
            +---------+---------+-------+---------+---------+-------
      Total |    3093 |    1100 |  26.2 |     155 |      15 |   8.8
            +---------+---------+-------+---------+---------+-------
        D:1 |      31 |       0 |   0.0 |      17 |       0 |   0.0
        D:2 |     133 |       5 |   3.6 |      25 |       3 |  10.7
        D:3 |     151 |       0 |   0.0 |      21 |       0 |   0.0
        D:4 |     533 |     272 |  33.8 |      27 |       1 |   3.6
        D:5 |     652 |       0 |   0.0 |      22 |       0 |   0.0
        D:6 |     351 |       0 |   0.0 |      10 |       0 |   0.0
        D:7 |     597 |       0 |   0.0 |      16 |       0 |   0.0
        D:8 |     645 |     611 |  48.6 |      17 |       8 |  32.0
        D:9 |       0 |     212 | 100.0 |       0 |       3 | 100.0
            +---------+---------+-------+---------+---------+-------
